 Dungeon Crawl Stone Soup version 0.24.0-13-gcf9b3192b9 (console) character file.

Game seed: 14805811065677918706, levelgen mode: deterministic

1074 Garrluk the Conjurer (level 8, -2/41 HPs)
             Began as a Deep Elf Fire Elementalist on Nov 7, 2019.
             Was an Initiate of Vehumet.
             Slain by a gnoll
             ... wielding a +0 spear
              (8 damage)
             ... on level 5 of the Dungeon.
             The game lasted 00:14:42 (4524 turns).

Garrluk the Conjurer (Deep Elf Fire Elementalist)   Turns: 4524, Time: 00:14:42

Health: -2/41      AC:  5    Str:  5    XL:     8   Next: 7%
Magic:  17/20      EV: 16    Int: 23    God:    Vehumet [......]
Gold:   271        SH:  0    Dex: 15    Spells: 7/20 levels left

rFire    . . .     SeeInvis .   o - staff of wizardry
rCold    + . .     Gourm    .   (no shield)
rNeg     . . .     Faith    .   h - +0 robe {rC+}
rPois    .         Spirit   .   (no helmet)
rElec    .         Reflect  .   (no cloak)
rCorr    .         Harm     .   j - +0 pair of gloves
MR       .....                  (no boots)
Stlth    ++........             (no amulet)
HPRegen  0.13/turn              d - +3 ring of evasion
MPRegen  0.17/turn              i - +2 ring of protection

@: about to teleport
A: no striking features
a: Renounce Religion


You were on level 5 of the Dungeon.
You worshipped Vehumet.
Vehumet was noncommittal.
You were hungry.

You visited 1 branch of the dungeon, and saw 5 of its levels.

You collected 271 gold pieces.

Inventory:

Hand Weapons
 x - a +2 spear of piercing
Armour
 h - a +0 robe of cold resistance (worn)
 j - a +0 pair of gloves (worn)
Magical Staves
 o - an uncursed staff of wizardry (weapon)
Jewellery
 d - a +3 ring of evasion (left hand)
 i - a +2 ring of protection (right hand)
Wands
 u - a wand of flame (26)
Scrolls
 a - a scroll of identify {unknown}
 b - 6 scrolls of remove curse {unknown}
 e - a scroll of blinking {unknown}
 g - a scroll of immolation {unknown}
 k - 2 scrolls of enchant weapon
 m - 2 scrolls of teleportation
 r - 2 scrolls of fog {unknown}
 s - a scroll of enchant armour {unknown}
 t - a scroll of amnesia {unknown}
 y - a scroll of magic mapping {unknown}
Potions
 f - a potion of berserk rage {unknown}
 l - a potion of agility {unknown}
 p - 2 potions of invisibility {unknown}
 q - a potion of curing
 v - a potion of cancellation {unknown}
 w - a potion of lignification {unknown}
 z - a potion of brilliance {unknown}
Comestibles
 c - 10 rations


   Skills:
 + Level 0.0 Fighting
 - Level 2.4 Dodging
 - Level 2.4 Stealth
 + Level 6.8 Spellcasting
 * Level 7.3 Conjurations
 + Level 6.1 Fire Magic


You had 7 spell levels left.
You knew the following spells:

 Your Spells              Type           Power        Failure   Level  Hunger
a - Flame Tongue          Conj/Fire      #####        1%          1    None
b - Sticky Flame          Conj/Fire      #####...     1%          4    ###....
c - Conjure Flame         Conj/Fire      #####...     1%          3    None
D - Fireball              Conj/Fire      #####.....   6%          5    #####..

Your spell library contained the following spells:

 Spells                   Type           Power        Failure   Level  Hunger
 Throw Flame              Conj/Fire      #####.       1%          2    None
 Inner Flame              Hex/Fire       ###.....     2%          3    None
 Confusing Touch          Hex            #.....       3%          1    None
 Confuse                  Hex            #.......     10%         3    None
 Gell's Gravitas          Tloc           #.........   10%         3    None
 Petrify                  Tmut/Erth      #.......     30%         4    ###....
 Metabolic Englaciation   Hex/Ice        #.........   61%         5    #####..
 Yara's Violent Unravell  Hex/Tmut       #.........   61%         5    #####..


Dungeon Overview and Level Annotations

Branches:
Dungeon (5/15)
 Temple: D:4-7

Altars:
Ashenzari
Cheibriados
Dithmenos
Ru
Trog
Vehumet
Zin

Annotations:
D:5 1 transporter


Message History

The gnoll sergeant hits you from afar with a +2 trident of protection!
* * * LOW HITPOINT WARNING * * *
The gnoll barely misses you.
You feel much better. The gnoll barely misses you. x2
The gnoll sergeant hits you from afar with a +2 trident of protection!
The gnoll hits you but does no damage.
As you read the scroll labeled ZAKYUN XAECWITZ, it crumbles to dust.
You feel strangely unstable.
It was a scroll of teleportation.
The gnoll sergeant closely misses you. The gnoll misses you.
The gnoll barely misses you.
The gnoll sergeant hits you from afar with a +2 trident of protection!
The gnoll zaps a wand.
The puff of flame hits you!
* * * LOW HITPOINT WARNING * * *
The gnoll hits you from afar with a +0 spear.
* * * LOW HITPOINT WARNING * * *
You feel better.
The gnoll sergeant hits you from afar with a +3 spear of electrocution!
* * * LOW HITPOINT WARNING * * *
The gnoll barely misses you.
The gnoll hits you from afar with a +0 spear!
You die...

#######.........#####......
..........................
≈≈≈≈≈≈≈≈≈≈...≈≈≈≈≈≈≈≈≈≈≈..
≈≈≈≈≈≈≈≈≈≈...≈≈≈≈≈≈≈≈≈≈≈..
≈#####...........#####≈≈..
≈ .#.#.###.©.###.#.#g#≈≈..
...###.#####.# #..g#≈≈..
##...gg..... ) .###≈≈..
.##g###'## # #8.≈≈..
##.#P.P#Pg8# .# ##.≈≈..
#..'.gg@gg⌠# #.≈≈..
##.#P.P#P.8# ##'###'##
..... .... ...###.#####© .#
#.## .©. # # .. ... ≈≈ ≈≈
≈≈≈≈ ≈≈≈≈≈


You could see 2 gnoll sergeants, a gnoll shaman and 5 gnolls.

Vanquished Creatures
  Duvessa (D:4)
  A phantom (D:4)
  A centaur (D:5)
  3 ogres (D:4)
  Dowan (D:4)
  A crimson imp (D:5)
  A hound (D:4)
  An orc wizard (D:3)
  2 iguanas
  Terence (D:2)
  2 worker ants
  8 gnolls
  9 adders
  An ooze (D:2)
  An adder skeleton (D:4)
  3 worms
  2 dart slugs (D:1)
  4 leopard geckos
  9 orcs (D:3)
  A ball python (D:4)
  6 giant cockroaches
  7 hobgoblins
  10 jackals
  10 kobolds
  2 quokkas
  8 bats
  7 frilled lizards
  6 goblins
  A quokka skeleton (D:5)
  7 rats
117 creatures vanquished.

Notes
Turn   | Place    | Note
-------+----------+-------------------------------------------
     0 | D:1      | Garrluk the Deep Elf Fire Elementalist began the quest for
                  | the Orb.
     0 | D:1      | Reached XP level 1. HP: 10/10 MP: 6/6
   274 | D:1      | Reached XP level 2. HP: 10/15 MP: 5/8
   356 | D:1      | Reached skill level 2 in Conjurations
  1016 | D:2      | Reached XP level 3. HP: 13/19 MP: 6/10
  1021 | D:2      | Learned a level 3 spell: Conjure Flame
  1323 | D:2      | Noticed Terence
  1331 | D:2      | Killed Terence
  1331 | D:2      | Reached skill level 3 in Conjurations
  1331 | D:2      | Reached XP level 4. HP: 24/24 MP: 1/11
  1705 | D:2      | Learned a level 4 spell: Sticky Flame
  1748 | D:2      | Found a sacrificial altar of Ru.
  2268 | D:3      | HP: 1/24 [gnoll/+1 whip of distortion (5)]
  2271 | D:3      | Reached XP level 5. HP: 2/28 MP: 2/13
  2421 | D:4      | Reached skill level 4 in Conjurations
  2576 | D:3      | Learned a level 5 spell: Fireball
  2637 | D:3      | Found a snail-covered altar of Cheibriados.
  2907 | D:4      | Reached XP level 6. HP: 32/32 MP: 7/15
  2970 | D:4      | Reached skill level 5 in Spellcasting
  2970 | D:4      | Reached skill level 5 in Conjurations
  3087 | D:4      | Noticed Duvessa
  3088 | D:4      | Noticed Dowan
  3096 | D:4      | Killed Duvessa
  3096 | D:4      | Reached skill level 5 in Fire Magic
  3106 | D:5      | Entered Level 5 of the Dungeon
  3241 | D:5      | Reached XP level 7. HP: 24/36 MP: 7/17
  3308 | D:5      | Reached skill level 6 in Conjurations
  3552 | D:4      | Killed Dowan
  3789 | D:4      | Reached skill level 7 in Conjurations
  3940 | D:4      | Reached XP level 8. HP: 41/41 MP: 1/20
  4076 | D:4      | Found a bloodstained altar of Trog.
  4076 | D:4      | Found a shattered altar of Ashenzari.
  4081 | D:4      | Found a sacrificial altar of Ru.
  4083 | D:4      | Found a radiant altar of Vehumet.
  4084 | D:4      | Found a glowing silver altar of Zin.
  4088 | D:4      | Became a worshipper of Vehumet
  4140 | D:4      | Found a shadowy altar of Dithmenos.
  4506 | D:5      | Found a transporter.
  4518 | D:5      | Identified the cursed +0 scale mail of the Ant {rC+ Dex+4}
  4518 | D:5      | Identified the +0 buckler of Eneniki {Str+4}
  4520 | D:5      | Found a transporter.
  4524 | D:5      | Slain by a gnoll

Levels and vault maps discovered:
D:1:      evilmike_arrival_rings, layout_basic
D:2:      layout_loops_corners, minmay_misc_feat_tiny,
          nicolae_ru_sacrificial_ziggurat, uniq_terence
D:3:      layout_loops_ring, cheibriados_altar_1
D:4:      layout_rooms, chequers_temple_overflow_minitemple,
          hangedman_abyss_or_decor_stagger, minmay_ruined_shrine, uniq_duvessa
D:5:      layout_basic, gammafunk_ghost_gnarly_gnolls, first_ration,
          minmay_misc_feat_hallway, small_statue_intersection

Skill      XL: |  1  2  3  4  5  6  7 |
---------------+----------------------+-----
Conjurations   | 2 3 4 5 7 |  7.3
Spellcasting   | 4 5 6 |  6.8
Fire Magic     | 4 5 6 |  6.1
Dodging        | |  2.4
Stealth        | |  2.4

Action                   |  1- 3 |  4- 6 |  7- 9 || total
-------------------------+-------+-------+-------++-------
Melee: Unarmed           |     3 |       |       ||     3
       Dagger            |       |     4 |       ||     4
       Staff             |       |     9 |     7 ||    16
       Spear             |       |       |    36 ||    36
 Cast: Flame Tongue      |    60 |   107 |    53 ||   220
       Conjure Flame     |     2 |       |       ||     2
       Sticky Flame      |       |     7 |     8 ||    15
       Fireball          |       |     1 |     5 ||     6
  Use: Potion            |       |     1 |     2 ||     3
       Scroll            |       |       |     2 ||     2
  Eat: Chunk             |     1 |     7 |     6 ||    14
Armor: Robe              |     4 |     9 |    17 ||    30
Dodge: Dodged            |    24 |    36 |    55 ||   115
